 Dungeon Crawl Stone Soup version 0.25.1-4-g9407a263a5 (webtiles) character file.

Game seed: 13153687565417222812

263 Erymatos the Chopper (level 5, -2/48 HPs)
             Began as a Minotaur Berserker on Nov 25, 2020.
             Was a Believer of Trog.
             Killed from afar by an orc wizard (7 damage)
             ... with a puff of flame
             ... on level 4 of the Dungeon.
             The game lasted 00:02:32 (1818 turns).

Erymatos the Chopper (Minotaur Berserker)           Turns: 1818, Time: 00:02:33

Health: -2/48      AC:  7    Str: 22    XL:     5   Next: 98%
Magic:  4/4        EV: 11    Int:  4    God:    Trog [**....]
Gold:   147        SH:  0    Dex: 10    Spells: 4/4 levels left

rFire    . . .     SeeInvis .   a - +0 hand axe
rCold    . . .     Gourm    .   (no shield)
rNeg     . . .     Faith    .   d - +0 scale mail
rPois    .         Spirit   .   (helmet restricted)
rElec    .         Reflect  .   (no cloak)
rCorr    .         Harm     .   (no gloves)
MR       .....                  (no boots)
Stlth    ..........             (no amulet)
HPRegen  0.16/turn              (no ring)
MPRegen  0.09/turn              (no ring)

@: no status effects
A: retaliatory headbutt, horns 2
a: Berserk, Trog's Hand, Renounce Religion


You were on level 4 of the Dungeon.
You worshipped Trog.
Trog was pleased with you.
You were very hungry.

You visited 1 branch of the dungeon, and saw 3 of its levels.

You collected 147 gold pieces.

Inventory:

Hand Weapons
 a - a +0 hand axe (weapon)
Armour
 b - a +0 animal skin
 d - a +0 scale mail (worn)
Jewellery
 q - an uncursed ring of see invisible {unknown}
 r - an uncursed ring of see invisible {unknown}
Scrolls
 e - a scroll of enchant armour {unknown}
 g - 3 scrolls of identify {unknown}
 h - 2 scrolls of teleportation {unknown}
 j - 2 scrolls of blinking {unknown}
 o - a scroll of fear {unknown}
Potions
 f - a potion of brilliance {unknown}
 i - 3 potions of curing {unknown}
 k - a potion of lignification {unknown}
 l - a potion of haste {unknown}
 m - a potion of stabbing {unknown}
 n - a potion of cancellation {unknown}
 p - a potion of flight {unknown}
Comestibles
 c - 4 rations


   Skills:
 + Level 5.2 Fighting
 + Level 5.9 Axes
 + Level 4.0 Armour
 + Level 3.0 Dodging


You had 4 spell levels left.
You didn't know any spells.
Your spell library was empty.

Dungeon Overview and Level Annotations

Branches:
Dungeon (2/15)

Altars:
Okawaru

Shops:
D:4 (


Innate Abilities, Weirdness & Mutations

You reflexively headbutt those who attack you in melee.
You have a pair of horns on your head.


Message History

* * * LOW HITPOINT WARNING * * *
An orc comes into view. It is wielding a +0 hand axe.
The orc shouts!
The orc wizard hits you but does no damage.
You hit the orc wizard.
The orc wizard is moderately wounded.
The orc wizard hits you but does no damage.
Unknown command.
You closely miss the orc wizard. Your headbutt misses the orc wizard.
The orc wizard is moderately wounded.
The orc wizard gestures at you while chanting.
The magic dart hits you.
* * * LOW HITPOINT WARNING * * *
Unknown command.
You closely miss the orc wizard.
You headbutt the orc wizard, but do no damage.
The orc wizard is moderately wounded.
The orc wizard gestures at you while chanting.
The puff of flame hits you!
You die...

<.....###.# #.# #
#..(.......###.# #
#รท)...#.#<#.##.####
#.#.#.............# #o#
#...#.#.##.##.# #.#
#.......##.#.#. #.# #...#
#.##..### ######o###...#
#......#.
........@.....###.##.##.#
#########.........##.....
#..#.#..#########
#..._...# ##.#.#..#
#.....## #######


You could see an orc wizard and an orc.

Vanquished Creatures
  An ogre (D:4)
  2 scorpions (D:4)
  An orc wizard (D:4)
  A howler monkey skeleton (D:4)
  2 worms
  A dart slug (D:1)
  2 leopard geckos
  4 orcs (D:4)
  2 bats
  3 giant cockroaches (D:1)
  A goblin (D:1)
  2 hobgoblins
  4 jackals (D:2)
  A ball python (D:4)
  A frilled lizard (D:1)
  4 kobolds (D:1)
  A quokka skeleton (D:4)
  6 rats
39 creatures vanquished.

Notes
Turn   | Place    | Note
-------+----------+-------------------------------------------
     0 | D:1      | Erymatos the Minotaur Berserker began the quest for the
                  | Orb.
     0 | D:1      | Reached XP level 1. HP: 19/19 MP: 0/0
   480 | D:1      | Reached XP level 2. HP: 26/27 MP: 1/1
   948 | D:2      | Reached XP level 3. HP: 34/34 MP: 2/2
  1078 | D:2      | You fall into a shaft and drop 2 floors!
  1102 | D:4      | Found Fiecrupo's Weapon Emporium.
  1103 | D:4      | Noticed a scorpion
  1120 | D:4      | Killed a scorpion
  1120 | D:4      | Reached ** piety under Trog
  1120 | D:4      | Reached skill level 5 in Axes
  1120 | D:4      | Reached XP level 4. HP: 20/41 MP: 3/3
  1552 | D:4      | Found an iron altar of Okawaru.
  1561 | D:4      | Reached XP level 5. HP: 38/47 MP: 4/4
  1725 | D:4      | Noticed an ogre
  1733 | D:4      | Killed an ogre
  1733 | D:4      | Reached skill level 5 in Fighting
  1818 | D:4      | Killed from afar by an orc wizard

Illustrated notes

Levels and vault maps discovered:
D:1:      lemuel_arrival_lava_pool, layout_basic, minmay_hexomino_f4
D:2:      layout_loops_corners, grunt_decor_mini_mirrors
D:4:      layout_loops_ring, lightli_temple_of_fire, first_ration, serial_shops,
          shop_fountains, okawaru_metal_pillars_1_2

Skill      XL: |  1  2  3  4  5 |
---------------+----------------+-----
Fighting       | 4 5 |  5.2
Axes           | 4 5 |  5.9
Armour         | 3 4 |  4.0
Dodging        | 3 |  3.0

Action                   |  1- 3 |  4- 6 || total
-------------------------+-------+-------++-------
Melee: Hand axe          |    61 |    22 ||    83
       Headbutt          |     7 |     8 ||    15
Invok: Berserk           |     1 |     1 ||     2
 Stab: Sleeping          |     1 |       ||     1
  Eat: Chunk             |     1 |     2 ||     3
Armor: Scale mail        |     9 |     4 ||    13
       Animal skin       |     1 |       ||     1
Dodge: Dodged            |    33 |    13 ||    46
